 Dungeon Crawl Stone Soup version 0.22-a0-525-gf69a080 (webtiles) character file.

31 iamserjio the Insei (level 3, 0/18 HPs)
             Began as a Vine Stalker Skald on June 21, 2018.
             Succumbed to a kobold's poison
             ... on level 3 of the Dungeon.
             The game lasted 00:03:38 (384 turns).

iamserjio the Insei (Vine Stalker Skald)             Turns: 384, Time: 00:03:38

Health: 0/18       AC:  5    Str: 13    XL:     3   Next: 22%
Magic:  6/7        EV: 10    Int: 14    God:
Gold:   47         SH:  0    Dex: 13    Spells: 3/6 levels left

rFire    . . .     SeeInvis .     - Unarmed
rCold    . . .     Gourm    .   (no shield)
rNeg     . . .     Faith    .   b - +0 ring mail
rPois    .         Spirit   +   (no helmet)
rElec    .         Reflect  .   (no cloak)
rCorr    .         Harm     .   (no gloves)
MR       .....                  (no boots)
Stlth    +.........             (no amulet)
HPRegen  0.06/turn              (no ring)
MPRegen  0.10/turn              (no ring)

@: lethally poisoned (0 -> -9), flying
A: fangs 2, magic shield, antimagic bite, no potion heal 3, rot immunity
a: no special abilities


You were on level 3 of the Dungeon.
You were not hungry.

You visited 1 branch of the dungeon, and saw 3 of its levels.

You collected 47 gold pieces.

Inventory:

Missiles
 g - 11 stones (quivered)
Armour
 a - a +0 leather armour
 b - a +0 ring mail (worn)
 f - a +0 chain mail
Potions
 d - a potion of flight
Comestibles
 c - 4 rations


   Skills:
 - Level 2.0 Fighting
 - Level 0.7 Armour
 - Level 1.5 Dodging
 * Level 3.4 Unarmed Combat
 - Level 2.1 Spellcasting
 - Level 3.0 Charms


You had 3 spell levels left.
You knew the following spells:

 Your Spells              Type           Power        Failure   Level  Hunger
a - Infusion              Chrm           #...         14%         1    #......
b - Song of Slaying       Chrm           #.......     22%         2    ###....

Your spell library contained the following spells:

 Spells                   Type           Power        Failure   Level  Hunger
 Regeneration             Chrm/Necr      #.........   63%         3    ###....
 Shroud of Golubria       Chrm/Tloc      #.........   38%         2    ###....
 Spectral Weapon          Hex/Chrm       #.......     63%         3    ###....


Dungeon Overview and Level Annotations

Branches:
Dungeon (3/15)

Altars:


Innate Abilities, Weirdness & Mutations

You have extremely sharp teeth.
When hurt, damage is shared between your health and your magic reserves.
Your bite disrupts and absorbs the magic of your enemies.
Potions cannot restore your health.
You are immune to rotting.


Message History

The kobold is moderately wounded.
The kobold hits you.
You hit the kobold.
You kill the kobold!
* * * LOW HITPOINT WARNING * * *
You feel sick.
* * * LOW HITPOINT WARNING * * *
You feel sick.
Found a short sword.
Things that are here:
an uncursed blowgun; 7 poisoned needles
Okay, then.
As you read the scroll labeled ISHUKHAAZO, it crumbles to dust.
You feel blessed for a moment.
It was a scroll of remove curse.
* * * LOW HITPOINT WARNING * * *
You feel sick.
As you read the scroll labeled TAAVISAO ANUF, it crumbles to dust.
It is a scroll of identify.
f - a +0 chain mail You die...

#........#
#........#
#........#
#......).#
#........#
###........######
.................
##@######..#
#...........
##.#....##.
#.#(...# #.#....#
#.#....# #.#<...#
#.#....# #.#.^..#


There were no monsters in sight!

Vanquished Creatures
  2 worms (D:2)
  A ball python (D:2)
  A giant cockroach (D:3)
  2 goblins (D:1)
  4 hobgoblins
  3 jackals (D:1)
  3 bats
  2 frilled lizards
  5 kobolds
  3 rats
26 creatures vanquished.

Notes
Turn   | Place    | Note
-------+----------+-------------------------------------------
     0 | D:1      | iamserjio the Vine Stalker Skald began the quest for the Orb.
     0 | D:1      | Reached XP level 1. HP: 11/11 MP: 4/4
   101 | D:1      | Reached XP level 2. HP: 5/15 MP: 6/6
   304 | D:2      | Reached XP level 3. HP: 8/18 MP: 5/7
   310 | D:2      | Learned a level 2 spell: Song of Slaying
   384 | D:3      | Succumbed to a kobold's poison

Vault maps used:
D:1:      moated_graveyard_arrival, st_stairs_1, minmay_liquid_box,
          minmay_statues_item
D:2:      lemuel_coloured_pillars_altar, first_ration
D:3:      led_sif_book, amethyst_overflow_temple_binary

Skill      XL: |  1  2 |
---------------+-------+-----
Fighting       | 2 |  2.0
Unarmed Combat | 3 |  3.4
Armour         | |  0.7
Dodging        | |  1.5
Spellcasting   | |  2.1
Charms         | |  3.0

Action                   || total
-------------------------++-------
Melee: Unarmed           ||    82
       Bite              ||    19
  Use: Potion            ||     2
       Scroll            ||     2
Armor: Leather armour    ||    17
       Ring mail         ||     9
Dodge: Dodged            ||    38

Table legend:
 A = Spawn XP
 B = Non-spawn XP
 C = Spawn XP percentage of total XP
 D = Spawn monster count
 E = Non-spawn monster count
 F = Spawn count percentage of total count
 G = Total turns spent on level
                    A         B        C        D         E        F      G
               +---------+---------+-------+---------+---------+-------+---------
         Total |       0 |      45 |   0.0 |       0 |      26 |   0.0 |   384
               +---------+---------+-------+---------+---------+-------+---------
           D:1 |       0 |      24 |   0.0 |       0 |      17 |   0.0 |   215
           D:2 |       0 |      17 |   0.0 |       0 |       7 |   0.0 |   152
           D:3 |       0 |       4 |   0.0 |       0 |       2 |   0.0 |    17
               +---------+---------+-------+---------+---------+-------+---------
